 Dungeon Crawl Stone Soup version 0.27-a0-1147-gb3d8e82157 (webtiles) character file.

Game seed: 4835490951086420234

367 runemasterragnar the Ducker (level 6, -5/46 HPs)
             Began as a Djinni Fire Elementalist on May 12, 2021.
             Was a Believer of Yredelemnul.
             Slain by Duvessa
             ... wielding a +0 short sword
              (6 damage)
             ... on level 4 of the Dungeon.
             The game lasted 00:13:51 (6156 turns).

runemasterragnar the Ducker (DjFE)                  Turns: 6156, Time: 00:13:52

Health: -5/46      AC:  4    Str:  9    XL:     6   Next: 69%
Gold:   113        EV: 14    Int: 16    God:    Yredelemnul [**....] SH:  0 Dex: 20

rFire    + + +     SeeInvis .   d - staff of fire
rCold    x . .     Faith    .   (no shield)
rNeg     . . .     Spirit   .   a - +0 robe
rPois    ∞         Reflect  .   c - +0 helmet
rElec    .         Harm     .   b - +0 cloak
rCorr    .         Rampage  .   (no gloves)
Will     .....                  (boots unavailable)
Stlth    +.........             (no amulet)
HPRegen  0.15/turn              n - +6 ring of dexterity
MPRegen  0.00/turn              (no ring)

@: brilliant, lit by a corona, flying, glowing
A: sickness immunity, fire resistance 2, cold vulnerability 1, float, innate
caster, hp casting, extra vitality 1
a: Renounce Religion, Animate Remains, Recall Undead Slaves, Injury Mirror


You were on level 4 of the Dungeon.
You worshipped Yredelemnul.
Yredelemnul was pleased with you.
You visited 1 branch of the dungeon, and saw 4 of its levels.

You collected 113 gold pieces.

Inventory:

Missiles
 p - a throwing net
Armour
 a - a +0 robe (worn)
 b - a +0 cloak (worn)
 c - a +0 helmet (worn)
Magical Staves
 d - a staff of fire (weapon)
Jewellery
 n - a +6 ring of dexterity (left hand)
Scrolls
 f - a scroll of noise {unknown}
 g - a scroll of identify
 j - a scroll of fog
 m - a scroll of enchant weapon {unknown}
 o - a scroll of enchant armour {unknown}
Potions
 e - a potion of brilliance
 i - 2 potions of degeneration
 k - a potion of resistance {unknown}


   Skills:
 + Level 3.3 Fighting
 + Level 2.2 Staves
 + Level 4.1 Dodging
 - Level 2.0 Stealth
 + Level 3.8 Spellcasting


You couldn't memorise any spells.
You knew the following spells:

 Your Spells              Type           Power      Damage    Failure   Level
a - Foxfire               Conj/Fire      100%       2x1d9     3%          1
b - Conjure Flame         Conj/Fire      34%        6-21      11%         3
c - Inner Flame           Hex/Fire       34%        N/A       11%         3
d - Sticky Flame          Conj/Fire      34%        2d5       34%         4
e - Fireball              Conj/Fire      17%        3d9       69%         5
f - Apportation           Tloc           44%        N/A       3%          1
g - Blink                 Tloc           N/A        N/A       5%          2
Your spell library was empty.

Dungeon Overview and Level Annotations

Branches:
Dungeon (4/15)
 Temple: D:4-7

Altars:
Yredelemnul

Shops:
D:2 :=

Annotations:
D:2 1 runed translucent door, Crazy Yiuf
D:4 Dowan, Duvessa


Innate Abilities, Weirdness & Mutations

You are immune to sickness and miasma.
You are immune to poison.
Your flesh is very heat resistant. (rF++)
You are vulnerable to cold. (rC-)
You float through the air rather than walking.
You learn spells naturally, not from books.
Your magical power is your life essence.
You have superior vitality. (+4 HP)


Message History

Casting: Sticky Flame (quite dangerous; 34% risk of failure)
Confirm with . or Enter, or press ? or * to list all spells.
You feel a surge of power!
You conjure some foxfire!
Duvessa burns!
Duvessa stops burning.
Duvessa hits you with a +0 short sword! x2
Unknown command.
Casting: Foxfire (safe; 3% risk of failure)
Confirm with . or Enter, or press ? or * to list all spells.
The spell is quite dangerous to cast (34% risk of failure)!
Continue anyway?
Okay, then.
The foxfire hits Duvessa but does no damage.
Duvessa is almost dead.
The foxfire hits Duvessa.
Duvessa is almost dead.
Casting: Sticky Flame (quite dangerous; 34% risk of failure)
Confirm with . or Enter, or press ? or * to list all spells.
You feel a surge of power!
You conjure some foxfire!
Duvessa hits you but does no damage.
Duvessa drinks a potion.
Duvessa is healed!
Dowan casts a spell at you.
You are outlined in light.
Your foxfire dissipates!
The foxfire hits Duvessa.
Duvessa is severely wounded.
Duvessa hits you with a +0 short sword!
As you read the scroll labelled NANTAL XIVEO, it crumbles to dust.
It is a scroll of brand weapon.
You aren't carrying any weapons that can be branded.
Duvessa hits you with a +0 short sword!
* * * LOW HITPOINT WARNING * * *
Duvessa hits you with a +0 short sword.
* * * LOW HITPOINT WARNING * * *
Dowan says, "Magic and the sword, together, will defeat you."
Dowan mumbles some strange words.
Dowan blinks!
Unknown command.
It was a potion of brilliance.
You feel clever all of a sudden. Duvessa hits you with a +0 short sword.
You die...
Your body rises from the dead as a mindless zombie.

#####..# ....###......##
.....#.......(.# ##
...............###.##
##..................##
#....................##
#.............#...#...#
##.##........@#...##..##
##.............e........#
.............###........###
...##.......###§.........##
#..##.......#...#........#
#..##....#..............#
#...#..#.##.##..........# #
##.#...#####.###.........##
..#..#..##.#.#..###.........#


You could see Duvessa (fast).

Vanquished Creatures
  A phantom (D:3)
  2 wights (D:4)
  A hound (D:3)
  Jessica (D:3)
  An iguana (D:4)
  An orc wizard (D:2)
  An ufetubus (D:4)
  2 worms (D:3)
  4 dart slugs
  8 orcs
  8 ball pythons
  5 endoplasms
  2 giant cockroaches
  5 hobgoblins
  11 jackals
  3 kobolds
  5 quokkas
  5 bats
  2 frilled lizards
  9 goblins
  3 rats
80 creatures vanquished.

Vanquished Creatures (collateral kills)
  A quokka (D:3)
  A kobold (D:3)
2 creatures vanquished.

Vanquished Creatures (others)
  A ball python zombie (D:3)
  A hobgoblin skeleton (D:4)
  An iguana skeleton (D:4)
  A jackal zombie (D:3)
  2 orc zombies (D:3)
  186 foxfires
192 creatures vanquished.

Grand Total: 274 creatures vanquished

Notes
Turn   | Place    | Note
-------+----------+-------------------------------------------
     0 | D:1      | runemasterragnar the Djinni Fire Elementalist began the
                  | quest for the Orb.
     0 | D:1      | Reached XP level 1. HP: 15/15 MP: 0/0
   184 | D:1      | Reached XP level 2. HP: 19/22 MP: 0/0
   250 | D:1      | Reached skill level 1 in Fighting
   726 | D:1      | Found a faded altar of an unknown god.
   729 | D:1      | Reached XP level 3. HP: 26/27 MP: 0/0
   729 | D:1      | Learned a level 1 spell: Apportation
   738 | D:1      | Became a worshipper of Yredelemnul the Dark
   738 | D:1      | Reached * piety under Yredelemnul
  1971 | D:2      | Found Jeloloug's Jewellery Shop.
  2771 | D:2      | Found Ciolalobb's Book Shop.
  2781 | D:2      | Reached XP level 4. HP: 32/33 MP: 0/0
  3252 | D:2      | Found a runed translucent door.
  3253 | D:2      | Noticed Crazy Yiuf
  3405 | D:2      | Reached ** piety under Yredelemnul
  3436 | D:2      | Reached skill level 3 in Dodging
  3830 | D:3      | Noticed a phantom
  3853 | D:3      | Killed a phantom
  3854 | D:3      | Reached skill level 1 in Staves
  3854 | D:3      | Reached XP level 5. HP: 12/39 MP: 0/0
  3854 | D:3      | Learned a level 2 spell: Blink
  4826 | D:3      | Noticed Jessica
  4850 | D:3      | Killed Jessica
  5111 | D:4      | Noticed Duvessa
  5120 | D:4      | Noticed Dowan
  5157 | D:4      | Noticed an ogre
  5402 | D:3      | Reached XP level 6. HP: 11/46 MP: 0/0
  6024 | D:4      | Reached skill level 4 in Dodging
  6155 | D:4      | HP: 1/46 [Duvessa/+0 short sword (5)]
  6156 | D:4      | Slain by Duvessa

Illustrated notes

Levels and vault maps discovered:
D:1:      evilmike_arrival_crescent, layout_basic,
          hellmonk_ecumenical_altar_lost_god, hangedman_decor_points
D:2:      layout_basic, serial_shops, shop, shop_fountains,
          minmay_misc_feat_hallway, kennysheep_generic_room_13,
          uniq_crazy_yiuf_cottage
D:3:      layout_loops_ring, uniq_jessica
D:4:      layout_cave_pools, uniq_duvessa

Skill      XL: |  1  2  3  4  5  6 |
---------------+-------------------+-----
Fighting       | 1 2 3 |  3.3
Stealth        | 2 |  2.0
Spellcasting   | 3 |  3.8
Dodging        | 3 4 |  4.1
Staves         | 1 2 |  2.2

Action                   |  1- 3 |  4- 6 || total
-------------------------+-------+-------++-------
Melee: Unarmed           |    14 |       ||    14
       Staff             |    44 |    92 ||   136
 Cast: Foxfire           |    53 |    72 ||   125
       Conjure Flame     |       |     4 ||     4
       Sticky Flame      |       |     1 ||     1
Invok: Animate Remains   |       |     6 ||     6
  Use: Scroll            |       |     5 ||     5
       Potion            |       |     3 ||     3
 Stab: Sleeping          |     3 |     3 ||     6
       Distracted        |       |     1 ||     1
Armor: Robe              |    19 |    20 ||    39
Dodge: Dodged            |    37 |    73 ||   110

Table legend: (Time is in decaauts)
 A = Elapsed time spent in this place.
 B = Non-inter-level travel time spent in this place.
 C = Inter-level travel time spent in this place.
 D = Time resting spent in this place.
 E = Time spent auto-exploring this place.
 F = Levels seen in this place.
 G = Mean time per level.
                   A        B        C        D        E       F      G
               +--------+--------+--------+--------+--------+-----+--------+
         Total |   6183 |   6093 |     90 |   1621 |   3439 |   4 | 1545.8 |
       Dungeon |   6183 |   6093 |     90 |   1621 |   3439 |   4 | 1545.8 |
               +--------+--------+--------+--------+--------+-----+--------+

Top non-repeatable levels by time:
     D:1: 2158 daAuts
     D:3: 2136 daAuts
     D:2: 1514 daAuts
     D:4: 374 daAuts
